 Dungeon Sprint DCSS version 0.26-a0-1033-gd598b01645 (webtiles) character file.

Game seed: 4500555277680270647

1416 mhtbhm the Basher (level 8, -7/88 HPs)
             Began as a Troll Fighter on Dec 10, 2020.
             Was a Follower of Okawaru.
             Mangled by a two-headed ogre
             ... wielding a +0 giant club
              (20 damage)
             ... in the Dungeon (Sprint III: "The Ten Rune Challenge").
             The game lasted 00:01:56 (730 turns).

mhtbhm the Basher (Troll Fighter)                    Turns: 730, Time: 00:01:57

Health: -7/88      AC:  7    Str: 27    XL:     8   Next: 43%
Magic:  6/7        EV: 12    Int:  4    God:    Okawaru [*.....]
Gold:   40         SH: 10    Dex:  9    Spells: 7/7 levels left

rFire    . . .     SeeInvis .   a - +0 flail
rCold    . . .     Faith    .   c - +0 kite shield
rNeg     . . .     Spirit   .   b - +0 robe
rPois    .         Reflect  .   (helmet restricted)
rElec    .         Harm     .   f - +0 cloak
rCorr    .         Rampage  .   (gloves unavailable)
Will     .....     NoTele   +   (boots unavailable)
Stlth    +.........             (no amulet)
HPRegen  0.64/turn              (no ring)
MPRegen  0.10/turn              (no ring)

@: no status effects
A: large, unfitting armour, claws 3, regeneration 1, shaggy fur 1, tough skin 3
a: Heroism, Renounce Religion


You were in the Dungeon.
You worshipped Okawaru.
Okawaru was aware of your devotion.
You visited 1 branch You collected 40 gold pieces.

Inventory:

Hand Weapons
 a - a +0 flail (weapon)
Missiles
 k - 3 large rocks (quivered)
Armour
 b - a +0 robe (worn)
 c - a +0 kite shield (worn)
 f - a +0 cloak (worn)
Scrolls
 j - a scroll of blinking
 l - 2 scrolls of immolation {unknown}
 n - a scroll of magic mapping {unknown}
 o - 2 scrolls of remove curse {unknown}
 q - a scroll of torment {unknown}
 r - a scroll of identify {unknown}
Potions
 d - a potion of berserk rage
 e - 2 potions of curing
 h - 2 potions of magic
 m - 4 potions of mutation {unknown}
 p - a potion of flight {unknown}
Miscellaneous
 g - a phantom mirror


   Skills:
 + Level 8.1 Fighting
 + Level 11.0 Maces & Flails
 + Level 7.2 Dodging
 - Level 0.4 Stealth
 + Level 7.3 Shields
 + Level 0.1 Invocations


You had 7 spell levels left.
You didn't know any spells.
Your spell library contained the following spells:

 Spells                   Type           Power        Failure   Level
 Magic Dart               Conj           #...         63%         1
 Blink                    Tloc           N/A          77%         2
 Call Imp                 Summ           #.......     77%         2
 Slow                     Hex            #.......     77%         2
 Confusing Touch          Hex            #.......     94%         3
 Conjure Flame            Conj/Fire      #.......     94%         3
 Gell's Gravitas          Tloc           #.........   94%         3
 Mephitic Cloud           Conj/Pois/Air  #.......     94%         3
 Petrify                  Tmut/Erth      #.......     100%        4
 Metabolic Englaciation   Hex/Ice        #.........   100%        5
 Yara's Violent Unravell  Hex/Tmut       #.........   100%        5


Dungeon Overview and Level Annotations

Branches:
Dungeon (1/1)

Altars:
Cheibriados
Dithmenos
Elyvilon
Fedhas
Gozag
Hepliaklqana
Kikubaaqudgha
Makhleb
Nemelex Xobeh
Okawaru
Qazlal
Ru
Sif Muna
Trog
Uskayaw
Vehumet
Wu Jian
Xom
Yredelemnul
Zin
The Shining One
Beogh
Jiyva
Lugonu


Innate Abilities, Weirdness & Mutations

You are too large for most types of armour.
You have claws for hands.
Your natural rate of healing is unusually fast.
You are covered in fur. (AC +1)
You have extremely tough skin. (AC +3)


Message History

You hit the two-headed ogre but do no damage.
The two-headed ogre is severely wounded.
The two-headed ogre closely misses you. The two-headed ogre barely misses you.
You barely miss the two-headed ogre.
The two-headed ogre is severely wounded.
The two-headed ogre hits you with a +0 giant club!
* * * LOW HITPOINT WARNING * * *
The two-headed ogre closely misses you.
You sock the two-headed ogre!
The two-headed ogre is almost dead.
You hit the two-headed ogre but do no damage.
The two-headed ogre is almost dead.
The two-headed ogre hits you with a +0 giant club.
* * * LOW HITPOINT WARNING * * *
The two-headed ogre misses you.
You hit the two-headed ogre but do no damage.
The two-headed ogre is almost dead.
You block the two-headed ogre's attack.
The two-headed ogre hits you with a cursed -2 giant club!!
You die...

.#..###'#'###)##
'#..#....÷.....#
#...')⌠........#
#...#...######'#
....#.⌠.#__#...# # #
....#...#__#...#
.#.#
....#)###__#...##
#..
....#)..#__#...'##.#
....#___#__'...#@O.#
▓▓▓▓▓▓▓▓▓▓▓▓▓▓▓▓▓▓▓▓


You could see a two-headed ogre.

Vanquished Creatures
  A deep elf mage (D)
  A shadow (D)
  A spatial vortex (D)
  A necrophage (D)
  2 two-headed ogres (D)
  A water elemental (D)
  A scorpion (D)
  A jelly (D)
  A wizard (D)
  Jessica (D)
  A necromancer (D)
  A kobold demonologist (D)
  3 humans (D)
  2 oozes (D)
  A rat (D)
19 creatures vanquished.

Vanquished Creatures (others)
  2 plants (D)
2 creatures vanquished.

Grand Total: 21 creatures vanquished

Notes
Turn   | Place    | Note
-------+----------+-------------------------------------------
     0 | D        | mhtbhm the Troll Fighter began the quest for the Orb.
     0 | D        | Reached XP level 1. HP: 22/22 MP: 0/0
    10 | D        | Reached skill level 2 in Maces & Flails
    15 | D        | Reached XP level 2. HP: 26/31 MP: 1/1
    41 | D        | Noticed Jessica
    46 | D        | Killed Jessica
    47 | D        | Reached XP level 3. HP: 24/39 MP: 2/2
    79 | D        | Noticed a scorpion
    97 | D        | Reached skill level 3 in Maces & Flails
   155 | D        | Killed a scorpion
   156 | D        | Reached skill level 4 in Maces & Flails
   156 | D        | Reached XP level 4. HP: 35/49 MP: 3/3
   223 | D        | Noticed a water elemental
   229 | D        | Killed a water elemental
   230 | D        | Reached skill level 5 in Fighting
   230 | D        | Reached skill level 5 in Maces & Flails
   230 | D        | Reached XP level 5. HP: 43/57 MP: 4/4
   277 | D        | Found a hide-covered altar of Uskayaw.
   277 | D        | Found a roughly hewn altar of Beogh.
   277 | D        | Found an iron altar of Okawaru.
   277 | D        | Found a bloodstained altar of Trog.
   277 | D        | Found an ornate altar of the Wu Jian Council.
   277 | D        | Noticed a human
   277 | D        | Noticed a human
   292 | D        | Killed a human
   293 | D        | Reached skill level 6 in Maces & Flails
   293 | D        | Reached skill level 5 in Dodging
   293 | D        | Reached skill level 5 in Shields
   293 | D        | Reached XP level 6. HP: 15/67 MP: 5/5
   307 | D        | Killed a human
   308 | D        | Reached skill level 7 in Maces & Flails
   391 | D        | Became a worshipper of Warmaster Okawaru
   396 | D        | Found a glowing silver altar of Zin.
   396 | D        | Found a glowing golden altar of the Shining One.
   396 | D        | Found a white marble altar of Elyvilon.
   396 | D        | Noticed a deep elf mage
   410 | D        | Killed a deep elf mage
   411 | D        | Reached skill level 9 in Maces & Flails
   411 | D        | Reached XP level 7. HP: 72/78 MP: 6/6
   420 | D        | Found a radiant altar of Vehumet.
   420 | D        | Found a shimmering blue altar of Sif Muna.
   420 | D        | Found an ancient bone altar of Kikubaaqudgha.
   420 | D        | Paralysed by a wizard for 2 turns
   499 | D        | Found a basalt altar of Yredelemnul.
   499 | D        | Found a shadowy altar of Dithmenos.
   499 | D        | Found a sacrificial altar of Ru.
   505 | D        | Reached * piety under Okawaru
   514 | D        | Reached skill level 10 in Maces & Flails
   529 | D        | Noticed a shadow
   545 | D        | Killed a shadow
   546 | D        | Reached XP level 8. HP: 31/88 MP: 7/7
   641 | D        | Found a blossoming altar of Fedhas.
   641 | D        | Found a stormy altar of Qazlal.
   641 | D        | Found a snail-covered altar of Cheibriados.
   641 | D        | Found a burning altar of Makhleb.
   641 | D        | Found a shimmering altar of Xom.
   642 | D        | Found a hazy altar of Hepliaklqana.
   642 | D        | Found an opulent altar of Gozag.
   642 | D        | Found a sparkling altar of Nemelex Xobeh.
   642 | D        | Found a corrupted altar of Lugonu.
   642 | D        | Found a viscous altar of Jiyva.
   723 | D        | Reached skill level 11 in Maces & Flails
   730 | D        | Mangled by a two-headed ogre

Illustrated notes

Levels and vault maps discovered:
D:        dungeon_sprint_mu [sprint_mu_entry_cave, sprint_mu_temple_rooms,
          sprint_mu_d1_spiders, sprint_mu_d2_genie, sprint_mu_d3_branching,
          sprint_mu_orc_legion, sprint_mu_elf_gauntlet, sprint_mu_hive_nellie,
          sprint_mu_lair_fedhas, sprint_mu_vaults_butterflies,
          sprint_mu_slime_circle, sprint_mu_swamp_cave, sprint_mu_snake_twists,
          sprint_mu_blade_basic, sprint_mu_crypt_fortress,
          sprint_mu_tomb_spiral, sprint_mu_vestibule_basic,
          sprint_mu_gehenna_hellfire, sprint_mu_dis_giant,
          sprint_mu_tartarus_statrot, sprint_mu_cocytus_islands, sprint_mu_zot1]

Skill      XL: |  1  2  3  4  5  6  7  8 |
---------------+-------------------------+-----
Maces & Flails | 2 4 5 6 9 10 11 | 11.0
Fighting       | 3 4 5 7 8 |  8.1
Dodging        | 3 4 5 6 7 |  7.2
Shields        | 3 4 5 6 7 |  7.3
Stealth        | |  0.4
Invocations    | |  0.1

Action                   |  1- 3 |  4- 6 |  7- 9 || total
-------------------------+-------+-------+-------++-------
Melee: Flail             |    28 |    34 |    63 ||   125
Invok: Heroism           |       |       |     1 ||     1
  Use: Potion            |       |     4 |       ||     4
Armor: Robe              |     9 |     5 |     2 ||    16
Dodge: Dodged            |     7 |     4 |    22 ||    33
Block: Kite shield       |    10 |    15 |    14 ||    39

Table legend: (Time is in decaauts)
 A = Elapsed time spent in this place.
 B = Non-inter-level travel time spent in this place.
 C = Inter-level travel time spent in this place.
 D = Time resting spent in this place.
 E = Time spent auto-exploring this place.
 F = Levels seen in this place.
 G = Mean time per level.
                   A        B        C        D        E       F      G
               +--------+--------+--------+--------+--------+-----+--------+
         Total |    724 |    724 |      0 |    371 |      6 |   1 |  724.0 |
       Dungeon |    724 |    724 |      0 |    371 |      6 |   1 |  724.0 |
               +--------+--------+--------+--------+--------+-----+--------+

Top non-repeatable levels by time:
       D: 724 daAuts
